 Dungeon Crawl Stone Soup version 0.28.0-43-g3370ac3207 (webtiles) character file.

Game seed: 14798729910468241516

1708 Eitelfritz the Cleaver (level 9, -3/75 HPs)
             Began as a Hill Orc Fighter on Mar 8, 2022.
             Was a Believer of Zin.
             Slain by a wyvern (9 damage)
             ... on level 7 of the Dungeon.
             The game lasted 00:15:25 (7776 turns).

Eitelfritz the Cleaver (Hill Orc Fighter)           Turns: 7776, Time: 00:15:26

Health: -3/75      AC:  7    Str: 23    XL:     9   Next: 3%
Magic:  13/13      EV: 10    Int:  8    God:    Zin [**....]
Gold:   227        SH:  4    Dex: 10    Spells: 8/8 levels left

rFire   . . .      SeeInvis .   a - +0 war axe
rCold   . . .      Faith    .   c - +0 buckler
rNeg    . . .      Spirit   .   b - +0 scale mail
rPois   .          Reflect  .   i - +0 hat
rElec   .          Harm     .   (no cloak)
rCorr   .          Rampage  .   (no gloves)
Will    .....                   (no boots)
Stlth   ..........              (no amulet)
HPRegen 0.22/turn               (no ring)
MPRegen 0.13/turn               (no ring)

@: on recite cooldown
A: no striking features
a: Renounce Religion, Recite, Vitalisation, Donate Gold


You were on level 7 of the Dungeon.
You worshipped Zin.
Zin was pleased with you.
You visited 2 branches of the dungeon, and saw 8 of its levels.

You collected 252 gold pieces.
You donated 25 gold pieces to Zin.

Inventory:

Hand Weapons
 a - a +0 war axe (weapon)
 j - a +3 flail
Missiles
 d - 4 boomerangs
 q - 6 poisoned darts (quivered)
Armour
 b - a +0 scale mail (worn)
 c - a +0 buckler (worn)
 e - a +0 plate armour
 i - a +0 hat (worn)
Jewellery
 l - a +6 ring of intelligence
Wands
 s - a wand of flame (17)
Scrolls
 m - 5 scrolls of teleportation
 r - a scroll of blinking
 v - a scroll of amnesia
Potions
 f - a potion of invisibility
 g - a potion of brilliance
 k - 2 potions of curing
 n - a potion of flight
 o - 2 potions of haste
 p - 2 potions of cancellation
 t - a potion of mutation {unknown}


   Skills:
 + Level 6.0 Fighting
 + Level 9.3 Axes
 + Level 6.5 Armour
 + Level 2.0 Dodging
 + Level 0.1 Stealth
 + Level 4.4 Shields
 * Level 5.5 Invocations


You had 8 spell levels left.
You didn't know any spells.
Your spell library contained the following spells:

 Spells                   Type           Power      Damage    Failure   Level
 Animate Skeleton         Necr           0%         N/A       78%         1
 Beastly Appendage        Tmut           0%         N/A       78%         1
 Foxfire                  Conj/Fire      0%         2x1d4     78%         1
 Pain                     Necr           0%         1d4       78%         1
 Sublimation of Blood     Necr           0%         N/A       89%         2
 Wereblood                Tmut           0%         N/A       89%         2
 Conjure Flame            Conj/Fire      0%         6-21      98%         3
 Dazzling Flash           Conj/Hex       0%         N/A       98%         3
 Ignite Poison            Fire/Tmut/Pois 0%         N/A       98%         3
 Inner Flame              Hex/Fire       0%         N/A       98%         3
 Spider Form              Tmut/Pois      0%         N/A       98%         3
 Vampiric Draining        Necr           0%         2d6       98%         3
 Flame Wave               Conj/Fire      0%         2d4       100%        4
 Hailstorm                Conj/Ice       0%         3d3       100%        4
 Ice Form                 Ice/Tmut       0%         N/A       100%        4
 Petrify                  Tmut/Erth      0%         N/A       100%        4
 Agony                    Necr           0%         N/A       100%        5
 Irradiate                Conj/Tmut      0%         3d13      100%        5
 Silence                  Hex/Air        0%         N/A       100%        5
 Eringya's Noxious Bog    Tmut/Pois      0%         N/A       100%        6
 Simulacrum               Ice/Necr       0%         N/A       100%        6


Dungeon Overview and Level Annotations

Branches:
Dungeon (7/15)             Temple (1/1) D:4

Altars:
Cheibriados
Dithmenos
Elyvilon
Fedhas
Gozag
Hepliaklqana
Kikubaaqudgha
Okawaru
Qazlal
Ru
Sif Muna
Trog
Uskayaw
Vehumet
Xom
Yredelemnul
Zin
The Shining One

Annotations:
D:4 1 runed translucent door, Crazy Yiuf
D:7 Joseph


Message History

Joseph is dazed by your recitation. "...I may smite you now for your profanity!'" You finish reciting Anathema 9:19.
Joseph shoots a sling bullet.
The sling bullet hits you!
A sky beast comes into view.
Joseph unwields a +0 hunting sling.
Joseph wields a +0 quarterstaff.
Joseph hits you with a +0 quarterstaff!
A wyvern comes into view.
You hit Joseph.
Joseph is lightly wounded.
Joseph is lost in a daze.
You barely miss Joseph.
Joseph is lightly wounded.
Joseph closely misses you.
A bullfrog skeleton comes into view.
You hit Joseph.
Joseph is lightly wounded.
Joseph closely misses you.
You closely miss Joseph.
Joseph is lightly wounded.
Joseph hits you with a +0 quarterstaff!
You slash Joseph!
Joseph is moderately wounded.
You hit the wyvern but do no damage. You hit the sky beast.
The wyvern bites you!
Joseph is lost in a daze.
The sky beast flickers out of sight!
Deactivating autopickup; reactivate with Ctrl-A.
Something hits you but does no damage. The wyvern bites you!
* * * LOW HITPOINT WARNING * * *
An orc warrior comes into view. It is wielding a +0 flail.
Joseph hits you with a +0 quarterstaff! Zin protects you from harm!
You feel better. The wyvern bites you!
* * * LOW HITPOINT WARNING * * *
Something hits you but does no damage.
Joseph shouts, "Intruder!"
Joseph hits you with a +0 quarterstaff.
* * * LOW HITPOINT WARNING * * *
You feel better. The wyvern bites you!
You die...

#..........#
#..........#
##..........#
#............
#####..^........#
.........<.......
.............)...
........l..#..<..
......#@#..# ....
##.#..{@...# ...
# #.......# ..
#.......# .
#.......#
...#....#
..######.. ...
..#


You could see Joseph (dazed) and a wyvern.

Vanquished Creatures
  An orc warrior (D:6)
  2 black bears
  A sky beast (D:6)
  An ogre (D:4)
  A centaur (D:6)
  A phantom (D:6)
  2 scorpions (D:4)
  A water moccasin zombie (D:6)
  A wyvern skeleton (D:5)
  A howler monkey (D:6)
  A centaur zombie (D:6)
  A bullfrog skeleton (D:6)
  3 jellies
  3 orc priests
  2 hounds
  A gnoll shaman (D:5)
  3 iguanas
  2 orc wizards (D:6)
  2 hound skeletons (D:4)
  16 adders
  7 gnolls
  An adder skeleton (D:4)
  2 worms
  2 dart slugs
  18 orcs
  7 bats
  10 endoplasms
  A giant cockroach (D:1)
  6 goblins
  5 hobgoblins
  4 kobolds
  2 quokkas (D:2)
  9 ball pythons
  6 frilled lizards
  2 rats (D:2)
128 creatures vanquished.

Vanquished Creatures (others)
  An orc (D:5)
  4 fungi (D:4)
5 creatures vanquished.

Grand Total: 133 creatures vanquished

Notes
Turn   | Place    | Note
-------+----------+-------------------------------------------
     0 | D:1      | Eitelfritz the Hill Orc Fighter began the quest for the
                  | Orb.
     0 | D:1      | Reached XP level 1. HP: 19/19 MP: 1/1
   535 | D:1      | Reached XP level 2. HP: 21/27 MP: 2/2
   681 | D:1      | Reached skill level 3 in Axes
  1124 | D:2      | Reached XP level 3. HP: 18/33 MP: 3/3
  1391 | D:2      | Noticed a black bear
  1400 | D:2      | Killed a black bear
  1401 | D:2      | Reached skill level 4 in Axes
  1401 | D:2      | Reached XP level 4. HP: 40/40 MP: 4/4
  1401 | D:2      | Reached XP level 5. HP: 46/46 MP: 5/5
  1542 | D:2      | Found a faded altar of an unknown god.
  1755 | D:3      | Reached skill level 5 in Axes
  2528 | D:3      | Reached XP level 6. HP: 53/53 MP: 6/6
  2714 | D:3      | Found a blossoming altar of Fedhas.
  2717 | D:3      | Found an ancient bone altar of Kikubaaqudgha.
  2788 | D:4      | Reached skill level 6 in Axes
  2922 | D:4      | Found a staircase to the Ecumenical Temple.
  2927 | D:4      | Got the Almanac of Poisoning
  2930 | Temple   | Entered the Ecumenical Temple
  3027 | Temple   | Became a worshipper of Zin the Law-Giver
  3027 | Temple   | Reached * piety under Zin
  3319 | D:4      | Reached skill level 1 in Dodging
  3324 | D:4      | Reached skill level 1 in Invocations
  3333 | D:4      | Reached XP level 7. HP: 23/60 MP: 6/8
  3336 | D:4      | Reached skill level 7 in Axes
  3340 | D:4      | HP: 3/60 [poisoned by a scorpion]
  4581 | D:4      | Found a runed translucent door.
  4582 | D:4      | Noticed Crazy Yiuf
  4646 | D:5      | Entered Level 5 of the Dungeon
  4656 | D:5      | Reached skill level 5 in Fighting
  4656 | D:5      | Reached skill level 5 in Armour
  4928 | D:5      | Noticed Edmund
  4965 | D:5      | HP: 2/61 [Edmund/+2 vorpal dire flail (3)]
  5545 | D:5      | Reached XP level 8. HP: 19/68 MP: 10/10
  5916 | D:6      | Reached skill level 8 in Axes
  6274 | D:6      | HP: 3/69 [orc warrior/+0 short sword (11)]
  7225 | D:6      | Reached skill level 9 in Axes
  7437 | D:6      | Reached skill level 5 in Invocations
  7438 | D:6      | Reached ** piety under Zin
  7620 | D:6      | Reached XP level 9. HP: 64/75 MP: 11/13
  7765 | D:7      | Noticed Joseph
  7774 | D:7      | Zin protects you from harm!
  7775 | D:7      | HP: 1/75 [Joseph/+0 quarterstaff (3)]
  7776 | D:7      | Slain by a wyvern

Illustrated notes

Levels and vault maps discovered:
D:1:      dpeg_arrival_simpleton_a, layout_loops_corners
D:2:      layout_rooms, hellmonk_ecumenical_altar_lost_god
D:3:      layout_rooms, grunt_temple_overflow_growth_and_decay, minivault_25,
          minmay_stone_trees_medium, minmay_snake_closets
D:4:      layout_basic, minmay_temple_entry_enclosed_plants,
          uniq_crazy_yiuf_cottage
D:5:      layout_rooms, serial_curves, eino_curves_02, eino_curves_01,
          eino_curves_01, eino_curves_02, uniq_edmund
D:6:      nicolae_cairo_tiling_very_big, layout_basic, hangedman_glass_teeth,
          kennysheep_generic_room_8
D:7:      lemuel_ratsnest, layout_basic, gup_ossuary_entry_pyramid,
          serial_shops, kennysheep_mini_moat, uniq_joseph
Temple:   lightli_temple_of_artemis

Skill      XL: |  1  2  3  4  5  6  7  8 |
---------------+-------------------------+-----
Axes           | 3 4 5 6 7 9 |  9.3
Fighting       | 4 5 6 |  6.0
Armour         | 4 5 6 |  6.5
Dodging        | 1 2 |  2.0
Invocations    | 1 3 5 |  5.5
Shields        | 4 |  4.4
Stealth        | |  0.1

Action                   |  1- 3 |  4- 6 |  7- 9 || total
-------------------------+-------+-------+-------++-------
Melee: War axe           |    73 |   165 |   202 ||   440
Invok: Recite            |       |       |    11 ||    11
  Use: Potion            |     1 |       |     4 ||     5
       Scroll            |       |       |    14 ||    14
Armor: Scale mail        |    46 |    60 |    80 ||   186
Dodge: Dodged            |    37 |    67 |   101 ||   205
Block: Buckler           |    24 |    38 |    46 ||   108
